[Event "56th Rubinstein Memorial D 2020"]
[Site "Polanica Zdroj"]
[Date "2020.08.22"]
[Round "8.8"]
[White "Bienkowski, Zbigniew"]
[Black "Janicki, Rafal"]
[Result "1-0"]
[ECO "D02"]
[WhiteElo "1739"]
[BlackElo "1851"]
[Annotator "NA RC"]
[PlyCount "113"]
[EventDate "2020.08.15"]
[EventType "swiss"]
[EventCountry "POL"]
[SourceTitle "playchess.com"]
[Source "ChessBase"]
[SourceQuality "1"]
[TimeControl "40/5400+30:1800+30"]

1. d4 Nf6 2. Nf3 d5 3. Bf4 e6 4. e3 Bd6 5. Bg3 O-O 6. Bd3 b6 7. Bh4 c5 8. c3 Nbd7 9. Nbd2 Bb7 10. Qc2 Qc7 11. g4 (11. Bg3 $15) 11... c4 12. Be2 Ne4 13. Nxe4 dxe4 14. Nd2 Bd5 15. Nxe4 f5 $1 16. Nxd6 $15 Bxh1 17. O-O-O ({Better is} 17. Be7 $15) 17... Bd5 18. Be7 Nf6 19. Bxf8 Rxf8 20. g5 Nd7 21. Nb5 Qxh2 22. f4 Qg3 23. Qd2 Kf7 24. Nd6+ Ke7 25. Nxc4 Rc8 26. b3 a5 27. Kb2 a4 28. Ne5 Nxe5 29. dxe5 axb3 30. axb3 Qf2 31. c4 Bc6 32. Rf1 Qg2 33. Rd1 Qf2 34. Qd3 Qg2 35. Rd2 Qe4 36. Qd4 Qxd4+ 37. exd4 Rd8 38. Kc3 h6 39. gxh6 gxh6 40. Bh5 Be4 41. Ra2 Rg8 42. Ra7+ Kd8 43. d5 Rg3+ 44. Kb4 Bc2 45. Ra8+ Kc7 46. d6+ Kc6 47. Ra3 Rh3 48. Bf7 Kd7 49. Ra7+ Kd8 50. Ra3 Kd7 51. c5 bxc5+ 52. Kxc5 Rc3+ 53. Kb4 Rf3 54. Ra7+ Kc6 55. Rc7+ Kb6 56. Rxc2 Rxf4+ 57. Rc4 1-0

[Event "56th Rubinstein Memorial D 2020"]
[Site "Polanica Zdroj"]
[Date "2020.08.22"]
[Round "8.9"]
[White "Kaczanowski, Pawel"]
[Black "Szczygiel, Jakub"]
[Result "1-0"]
[ECO "B38"]
[WhiteElo "1655"]
[BlackElo "1802"]
[Annotator "NA"]
[PlyCount "79"]
[EventDate "2020.08.15"]
[EventType "swiss"]
[EventCountry "POL"]
[SourceTitle "playchess.com"]
[Source "ChessBase"]
[SourceQuality "1"]
[TimeControl "40/5400+30:1800+30"]

1. e4 c5 2. Nf3 g6 3. d4 cxd4 4. Nxd4 Nc6 5. c4 Bg7 6. Be3 Nf6 7. Nc3 d6 8. Be2 O-O 9. Qd2 Nxd4 10. Bxd4 Qa5 11. f3 Be6 12. Be3 Rfc8 13. b3 a6 14. Rc1 b5 15. Nd5 Qxd2+ 16. Kxd2 Nxd5 17. cxd5 Bd7 18. Rxc8+ Rxc8 $11 19. Rc1 Rxc1 20. Kxc1 Kf8 21. Kc2 Ke8 22. Kd3 Kd8 23. Bd4 Bxd4 24. Kxd4 Kc7 25. b4 e5+ 26. dxe6 Bxe6 27. a3 h6 28. f4 Kc6 29. Bf3 Bc8 30. h4 Kc7 31. e5 Be6 32. h5 Kd7 33. hxg6 fxg6 34. Bb7 g5 35. fxg5 hxg5 36. Bxa6 Kc6 37. exd6 Kb6 38. Ke5 Bd7 39. Kf6 Kxa6 40. Ke7 1-0

[Event "56th Rubinstein Memorial D 2020"]
[Site "Polanica Zdroj"]
[Date "2020.08.22"]
[Round "8.10"]
[White "Lisiecki, Robert"]
[Black "Bukala, Weronika"]
[Result "0-1"]
[ECO "B20"]
[WhiteElo "1749"]
[BlackElo "1504"]
[Annotator "NA"]
[PlyCount "68"]
[EventDate "2020.08.15"]
[EventType "swiss"]
[EventCountry "POL"]
[SourceTitle "playchess.com"]
[Source "ChessBase"]
[SourceQuality "1"]
[TimeControl "40/5400+30:1800+30"]

1. e4 c5 2. b3 Nc6 3. Bb2 e6 4. Bb5 Nf6 5. d3 g6 6. Bxc6 bxc6 7. Nd2 Bg7 8. f4 O-O 9. Qe2 d5 10. O-O-O Qa5 11. Kb1 Ba6 12. g4 c4 13. dxc4 dxc4 14. Nxc4 Bxc4 15. Qxc4 Nxg4 16. Bxg7 Ne3 17. Bc3 Qh5 18. Qd4 Qxd1+ 19. Qxd1 Nxd1 20. Bd4 Rfd8 21. Ne2 c5 22. Rxd1 cxd4 23. Rxd4 Rxd4 24. Nxd4 Rc8 25. Kb2 Rc5 26. e5 g5 27. fxg5 Rxe5 28. Nc6 Rxg5 29. Nxa7 f5 30. Nc6 f4 31. Nd4 e5 32. Nf3 Rh5 33. a4 e4 34. Nd4 f3 0-1

[Event "56th Rubinstein Memorial D 2020"]
[Site "Polanica Zdroj"]
[Date "2020.08.22"]
[Round "8.11"]
[White "Kolodziejski, Grzegorz"]
[Black "Szydelko, Kazimierz"]
[Result "1-0"]
[ECO "B40"]
[WhiteElo "1550"]
[BlackElo "1713"]
[Annotator "NA"]
[PlyCount "83"]
[EventDate "2020.08.15"]
[EventType "swiss"]
[EventCountry "POL"]
[SourceTitle "playchess.com"]
[Source "ChessBase"]
[SourceQuality "1"]
[TimeControl "40/5400+30:1800+30"]

1. e4 c5 2. Nf3 e6 3. d4 cxd4 4. Nxd4 Nf6 5. Bd3 Nc6 6. Be3 d5 7. exd5 Nxd4 8. Bxd4 Nxd5 9. O-O Bd7 10. Be4 Bc6 11. Nc3 Qd7 12. Nxd5 Bxd5 13. Bxd5 Qxd5 14. Be3 Qb5 15. Qf3 Be7 16. Bd4 O-O 17. a4 Qa6 18. Rfd1 Rac8 19. c3 Rfd8 20. b4 Rd5 21. b5 Qa5 22. Qg4 Rg5 23. Qe4 Qc7 24. a5 Rxb5 25. Bxa7 Qxc3 26. Bb6 Rd5 27. g3 Rc4 28. Qe2 Re5 29. Qa2 Rce4 30. Rac1 Re1+ 31. Kg2 Qb4 32. Rxe1 Rxe1 33. Rc8+ Bf8 34. Qc2 Re5 35. Qc7 Qe4+ 36. f3 Qe2+ 37. Bf2 g6 38. Qd8 Kg7 39. Qxf8+ Kf6 40. Qh8+ Kf5 41. Qxh7 Rxa5 42. Qxf7+ 1-0

[Event "56th Rubinstein Memorial D 2020"]
[Site "Polanica Zdroj"]
[Date "2020.08.22"]
[Round "8.12"]
[White "Ochenduszko, Bartosz"]
[Black "Grzelak, Piotr"]
[Result "0-1"]
[ECO "A40"]
[WhiteElo "1531"]
[BlackElo "1664"]
[Annotator "NA RC"]
[PlyCount "120"]
[EventDate "2020.08.15"]
[EventType "swiss"]
[EventCountry "POL"]
[SourceTitle "playchess.com"]
[Source "ChessBase"]
[SourceQuality "1"]
[TimeControl "40/5400+30:1800+30"]

1. d4 e6 2. Bf4 d5 3. e3 Bd6 4. Bg3 b6 5. c3 Bb7 6. Nf3 Nd7 7. Nbd2 Ngf6 8. Bd3 Qe7 9. Ne5 O-O 10. Qc2 c5 11. Nxd7 Qxd7 12. Bh4 c4 13. Be2 Ne8 14. g4 f5 15. O-O-O a5 16. Bg3 b5 17. h4 b4 18. Nb1 Bc6 19. Rdg1 Bxg3 20. Rxg3 f4 21. Rf3 Rb8 22. Rxf4 Rxf4 23. exf4 Nd6 24. Re1 Qf7 25. Qd2 Ne4 26. Qe3 bxc3 27. Nxc3 Nxc3 28. Qxc3 Qxf4+ 29. Qe3 Qxe3+ 30. fxe3 Rf8 31. Rf1 Rxf1+ 32. Bxf1 Kf7 33. Kd2 Kf6 34. e4 e5 35. Ke3 exd4+ 36. Kxd4 dxe4 37. Bxc4 h5 38. Be2 hxg4 39. Bxg4 g6 40. Kc5 Ba8 41. Kb6 Ke5 42. h5 gxh5 43. Bxh5 Kf4 44. Kxa5 e3 45. Be2 Kg3 46. Kb6 Kf2 47. Bb5 Bg2 48. a4 Bf1 49. Bxf1 Kxf1 50. a5 e2 51. b4 e1=Q 52. b5 Qe6+ 53. Kb7 Qd7+ 54. Kb6 Ke2 55. a6 Kd3 56. a7 Qc8 57. Ka5 Qb7 58. b6 Kc4 59. Ka4 Qxb6 60. a8=Q Qb4# 0-1

[Event "56th Rubinstein Memorial D 2020"]
[Site "Polanica Zdroj"]
[Date "2020.08.22"]
[Round "8.13"]
[White "Brzozowski, Pawel"]
[Black "Zyla, Tomasz"]
[Result "1-0"]
[ECO "B38"]
[WhiteElo "1620"]
[BlackElo "1543"]
[Annotator "NA"]
[PlyCount "61"]
[EventDate "2020.08.15"]
[EventType "swiss"]
[EventCountry "POL"]
[SourceTitle "playchess.com"]
[Source "ChessBase"]
[SourceQuality "1"]
[TimeControl "40/5400+30:1800+30"]

1. e4 c5 2. Nf3 Nc6 3. d4 cxd4 4. Nxd4 g6 5. c4 Bg7 6. Be3 d6 7. Nc3 Nf6 8. Be2 O-O 9. O-O Ne8 10. Qd2 e5 11. Nxc6 bxc6 12. c5 f5 13. f3 f4 14. Bf2 g5 15. Rfd1 Rf6 16. Rac1 h5 17. b4 a6 18. a4 Qd7 19. Nd5 cxd5 20. Qxd5+ Kh7 21. Qxa8 Bb7 22. c6 Qxc6 23. Rxc6 Bxa8 24. Rc8 Bxe4 25. fxe4 g4 26. Rxe8 Bh6 27. g3 f3 28. Bxa6 h4 29. b5 Rf7 30. Rxd6 Rc7 31. Rc8 1-0

[Event "56th Rubinstein Memorial D 2020"]
[Site "Polanica Zdroj"]
[Date "2020.08.22"]
[Round "8.14"]
[White "Bialik, Nikodem"]
[Black "Ciborowski, Konrad Jr"]
[Result "0-1"]
[ECO "C01"]
[WhiteElo "1552"]
[BlackElo "1405"]
[Annotator "NA"]
[PlyCount "146"]
[EventDate "2020.08.15"]
[EventType "swiss"]
[EventCountry "POL"]
[SourceTitle "playchess.com"]
[Source "ChessBase"]
[SourceQuality "1"]
[TimeControl "40/5400+30:1800+30"]

1. e4 e6 2. d4 d5 3. exd5 exd5 4. c4 Nf6 5. Nf3 Be7 6. Nc3 O-O 7. cxd5 Nxd5 8. Bc4 Be6 9. Qb3 Bb4 10. O-O Bxc3 11. bxc3 Nc6 12. Qb2 Na5 13. Bd3 h6 14. Bd2 Nb6 15. Qc1 Bc4 16. Ne5 Bxd3 17. Nxd3 Nac4 18. Bf4 Nd5 19. Bg3 Re8 20. Nb2 Ndb6 21. Qc2 Qd7 22. Rfe1 Qc6 23. Nd3 Nd5 24. Rac1 b6 25. Ne5 Nxe5 26. Bxe5 f6 27. Bg3 Qxc3 28. Rxe8+ Rxe8 29. Qxc3 Nxc3 30. Kf1 Nb5 31. a4 Nxd4 32. Rxc7 a6 33. Ra7 Nb3 34. Bf4 Nc5 35. Be3 Nxa4 36. Rxa6 b5 37. Ke2 Nc3+ 38. Kd3 Nd5 39. Bd2 Rd8 40. Kc2 Rb8 41. Rd6 Nb6 42. Kb3 Nc4 43. Rd5 Rb7 44. h4 Kf7 45. Bf4 Ke6 46. Rc5 g5 47. hxg5 hxg5 48. Bc1 Nd6 49. Be3 Nf5 50. Bc1 Nd4+ 51. Kb4 Ra7 52. Be3 Ra4+ 53. Kc3 Nf5 54. Rxb5 Nxe3 55. fxe3 Ra3+ 56. Kd4 Ra2 57. Ke4 Rxg2 58. Rb6+ Kf7 59. Kf3 Rc2 60. e4 Rc3+ 61. Kg4 Re3 62. Rb4 Kg6 63. Ra4 Rxe4+ 64. Rxe4 f5+ 65. Kf3 fxe4+ 66. Kxe4 Kh5 67. Kf3 Kh4 68. Kf2 Kh3 69. Kg1 Kg3 70. Kh1 g4 71. Kg1 Kh3 72. Kh1 g3 73. Kg1 g2 0-1

[Event "56th Rubinstein Memorial D 2020"]
[Site "Polanica Zdroj"]
[Date "2020.08.22"]
[Round "8.15"]
[White "Wilgosz, Jan"]
[Black "Grzebieniowski, Michal"]
[Result "1/2-1/2"]
[ECO "B13"]
[WhiteElo "1617"]
[BlackElo "1390"]
[Annotator "NA"]
[PlyCount "45"]
[EventDate "2020.08.15"]
[EventType "swiss"]
[EventCountry "POL"]
[SourceTitle "playchess.com"]
[Source "ChessBase"]
[SourceQuality "1"]
[TimeControl "40/5400+30:1800+30"]

1. e4 c6 2. d4 d5 3. exd5 cxd5 4. c4 Nf6 5. Nc3 Nc6 6. Nf3 a6 7. a3 e6 8. c5 Be7 9. Bf4 O-O 10. Bd3 a5 11. O-O b6 12. Bb5 Na7 13. b4 Ne4 14. Nxe4 dxe4 15. Ne5 Nxb5 16. Nc6 Qd7 17. Nxe7+ Qxe7 18. a4 axb4 19. axb5 Rxa1 20. Qxa1 bxc5 21. Rc1 cxd4 22. Qxd4 Rd8 23. Qxe4 1/2-1/2

[Event "56th Rubinstein Memorial D 2020"]
[Site "Polanica Zdroj"]
[Date "2020.08.22"]
[Round "8.16"]
[White "Bednarczyk, Mateusz"]
[Black "Jurkiewicz, Joanna"]
[Result "1/2-1/2"]
[ECO "B00"]
[WhiteElo "1500"]
[BlackElo "1691"]
[Annotator "NA RC"]
[PlyCount "99"]
[EventDate "2020.08.15"]
[EventType "swiss"]
[EventCountry "POL"]
[SourceTitle "playchess.com"]
[Source "ChessBase"]
[SourceQuality "1"]
[TimeControl "40/5400+30:1800+30"]

1. e4 b6 2. d4 Bb7 3. Bd3 e6 4. Nc3 Bb4 5. Qf3 Ne7 6. Nge2 d5 7. e5 c5 8. a3 Bxc3+ 9. bxc3 Nbc6 10. Bb5 a6 11. Bxc6+ Bxc6 12. Ng3 Bb5 13. Nh5 Rg8 14. Qh3 cxd4 15. Bh6 Qc7 16. Nxg7+ Kd7 17. cxd4 Qxc2 18. Qe3 Qg6 19. g3 Rxg7 20. Bxg7 Qxg7 21. a4 Bc4 22. O-O-O Rc8 23. Kb2 Nc6 24. Qa3 Qf8 25. Qxf8 Rxf8 26. Rd2 Na5 27. Ka3 Nb3 28. Rb2 Nxd4 29. Rxb6 Nf3 30. Rhb1 Nxe5 31. f4 Nc6 32. Kb2 Rb8 33. Rxb8 Nxb8 34. Kc3 Kc7 35. Kd4 f6 36. g4 Nc6+ 37. Kc3 e5 38. fxe5 fxe5 39. Rg1 Nd4 40. Rg2 Kd6 41. g5 Ke6 42. h4 Kf5 43. h5 Ne2+ 44. Kd2 Nf4 45. g6 hxg6 46. h6 Kf6 47. Rh2 g5 48. h7 Ng6 49. Rh6 Kg7 50. Rh2 1/2-1/2

[Event "56th Rubinstein Memorial D 2020"]
[Site "Polanica Zdroj"]
[Date "2020.08.22"]
[Round "8.17"]
[White "Sidlo, Szymon"]
[Black "Ursnik, Patryk"]
[Result "1/2-1/2"]
[ECO "B34"]
[WhiteElo "1396"]
[BlackElo "1601"]
[Annotator "NA"]
[PlyCount "44"]
[EventDate "2020.08.15"]
[EventType "swiss"]
[EventCountry "POL"]
[SourceTitle "playchess.com"]
[Source "ChessBase"]
[SourceQuality "1"]
[TimeControl "40/5400+30:1800+30"]

1. e4 c5 2. Nf3 Nc6 3. d4 cxd4 4. Nxd4 Nf6 5. Nc3 e5 6. Nde2 Bb4 7. Bd2 d5 8. exd5 Nxd5 9. Nxd5 Qxd5 10. Bxb4 Nxb4 11. Qxd5 Nxd5 12. O-O-O Be6 13. g3 Rc8 14. a3 Ke7 15. Bg2 Rhd8 16. Rhe1 f6 17. Rd2 b6 18. Red1 Nc7 19. Nc3 Rxd2 20. Rxd2 Rd8 21. Rxd8 e4 22. Bf1 g6 1/2-1/2

[Event "56th Rubinstein Memorial D 2020"]
[Site "Polanica Zdroj"]
[Date "2020.08.22"]
[Round "8.18"]
[White "Pietrzak, Emilia"]
[Black "Wolska, Marta"]
[Result "1-0"]
[ECO "B11"]
[WhiteElo "1289"]
[BlackElo "1551"]
[Annotator "NA"]
[PlyCount "111"]
[EventDate "2020.08.15"]
[EventType "swiss"]
[EventCountry "POL"]
[SourceTitle "playchess.com"]
[Source "ChessBase"]
[SourceQuality "1"]
[TimeControl "40/5400+30:1800+30"]

1. e4 c6 2. Nc3 d5 3. Nf3 Bg4 4. h3 Bxf3 5. Qxf3 dxe4 6. Nxe4 e6 7. Bc4 Be7 8. O-O Nf6 9. c3 Nbd7 10. d4 O-O 11. Bf4 Nxe4 12. Qxe4 Nf6 13. Qe2 b5 14. Bd3 Qd5 15. Be5 Rfd8 16. Rfe1 a6 17. b3 Rac8 18. c4 Qd7 19. a4 b4 20. Rad1 Qe8 21. g4 Nd7 22. Qe4 g6 23. Bf4 Nf6 24. Qf3 Qf8 25. c5 a5 26. Ba6 Ra8 27. Bb7 Ra7 28. Bxc6 Nd5 29. Bg3 Nc3 30. Rd3 Qg7 31. Be5 Qf8 32. Qg3 Rc8 33. Bg2 g5 34. Rxc3 bxc3 35. Qxc3 Qd8 36. Qe3 Bf6 37. Bd6 Be7 38. Bxe7 Qxe7 39. Qe5 Rd8 40. c6 Rd6 41. d5 f6 42. Qe3 e5 43. Be4 Ra8 44. Qc5 Qc7 45. Re3 Rb8 46. Rf3 Rb4 47. Bf5 Kg7 48. Be6 Rd4 49. Qb5 Rb4 50. Qc5 h6 51. Qc2 Rf4 52. Rxf4 gxf4 53. Qc5 Rd8 54. b4 axb4 55. Qxb4 Rb8 56. d6 1-0

[Event "56th Rubinstein Memorial D 2020"]
[Site "Polanica Zdroj"]
[Date "2020.08.22"]
[Round "8.19"]
[White "Ratajczak, Hubert"]
[Black "Garwacki, Kornel"]
[Result "1-0"]
[ECO "C50"]
[WhiteElo "1513"]
[BlackElo "1492"]
[Annotator "NA"]
[PlyCount "88"]
[EventDate "2020.08.15"]
[EventType "swiss"]
[EventCountry "POL"]
[SourceTitle "playchess.com"]
[Source "ChessBase"]
[SourceQuality "1"]
[TimeControl "40/5400+30:1800+30"]

1. e4 e5 2. Nf3 Nc6 3. Bc4 Nf6 4. d3 Bc5 5. c3 d6 6. O-O Bg4 7. a4 a5 8. Nbd2 O-O 9. h3 Bh5 10. Re1 Qd7 11. Nf1 Rad8 12. Bg5 Bg6 13. Ne3 Ne7 14. Qd2 c6 15. Bxf6 Bxe3 16. Qxe3 gxf6 17. d4 Kh8 18. Rad1 Rg8 19. dxe5 Bh5 20. Kh1 Bxf3 21. Qxf3 fxe5 22. Rd3 Rg6 23. Qxf7 Rdg8 24. Rg3 Rxg3 25. fxg3 Rxg3 26. Qf6+ Rg7 27. Rd1 d5 28. exd5 cxd5 29. Qxe5 Qxa4 30. b3 Qa2 31. Bxd5 Nxd5 32. Qxd5 h6 33. Re1 Qc2 34. c4 Kh7 35. Qe4+ Qxe4 36. Rxe4 Rg3 37. Re7+ Rg7 38. Rxg7+ Kxg7 39. Kg1 Kf6 40. Kf2 Ke5 41. Ke3 b6 42. g4 Kd6 43. Kd4 Ke6 44. h4 Kd6 1-0

[Event "56th Rubinstein Memorial D 2020"]
[Site "Polanica Zdroj"]
[Date "2020.08.22"]
[Round "8.20"]
[White "Lewandrowski, Tomasz"]
[Black "Perek, Oskar"]
[Result "1-0"]
[ECO "D45"]
[WhiteElo "1879"]
[BlackElo "1447"]
[Annotator "NA"]
[PlyCount "67"]
[EventDate "2020.08.15"]
[EventType "swiss"]
[EventCountry "POL"]
[SourceTitle "playchess.com"]
[Source "ChessBase"]
[SourceQuality "1"]
[TimeControl "40/5400+30:1800+30"]

1. d4 d5 2. c4 c6 3. Nc3 Nf6 4. Nf3 e6 5. e3 Nbd7 6. Qc2 Bd6 7. Bd2 h6 {[%emt 0:01:18] D45: Semi-Slav: 5 e3.} 8. O-O-O {[%emt 0:05:58] [#]} a5 $146 ({Predecessor:} 8... Qe7 9. h3 a6 10. Kb1 dxc4 11. e4 Bc7 12. Bxc4 b5 13. Bd3 c5 14. dxc5 Nxc5 15. Nxb5 axb5 16. Bxb5+ {1-0 (30) Dlugy,M (2531)-Schneider,I (2376) San Diego 2006}) 9. g4 Qe7 10. Rg1 dxc4 $1 11. e4 e5 12. Bxc4 b5 (12... exd4 $1 $11 {remains equal.} 13. Nxd4 Ne5) 13. Be2 b4 14. Na4 Bb7 15. Bc4 c5 16. d5 Ba6 17. g5 hxg5 18. Bxg5 Bxc4 19. Qxc4 g6 20. h4 Qd8 21. Kb1 Ke7 22. Nh2 Qc7 $2 (22... Kf8 $16 23. Ng4 Kg7) 23. Ng4 Rh5 24. Rd3 Rxg5 25. hxg5 Nh5 26. Rf3 Nf4 27. Rh1 Re8 28. Rh7 Nf8 29. Rg7 Qd7 30. Nh6 Qxa4 31. Rxf7+ $2 (31. b3 $18 Qd7 32. Nxf7) 31... Kd8 32. b3 Qa3 33. Qa6 Bb8 {[%emt 0:00:13] [#]} 34. Qb6+ $1 {[%emt 0:00:20] Double Attack} 1-0

[Event "56th Rubinstein Memorial D 2020"]
[Site "Polanica Zdroj"]
[Date "2020.08.23"]
[Round "9.1"]
[White "Szmidt, Przemyslaw"]
[Black "Gromczak, Dariusz"]
[Result "1/2-1/2"]
[ECO "B06"]
[WhiteElo "1831"]
[BlackElo "1785"]
[Annotator "NA RC"]
[PlyCount "22"]
[EventDate "2020.08.15"]
[EventType "swiss"]
[EventCountry "POL"]
[SourceTitle "playchess.com"]
[Source "ChessBase"]
[SourceQuality "1"]
[TimeControl "40/5400+30:1800+30"]

1. e4 g6 2. d4 Bg7 3. Nc3 d6 4. Be2 e6 5. h4 h6 6. Be3 Ne7 7. Qd2 Nd7 8. Nf3 ({White should try} 8. O-O-O $16) 8... b6 9. a4 a6 10. Rd1 Bb7 11. Bc4 Nf6 $11 1/2-1/2

[Event "56th Rubinstein Memorial D 2020"]
[Site "Polanica Zdroj"]
[Date "2020.08.23"]
[Round "9.2"]
[White "Simon, Marek"]
[Black "Kozlowski, Pawel"]
[Result "0-1"]
[ECO "E84"]
[WhiteElo "1878"]
[BlackElo "1913"]
[Annotator "NA"]
[PlyCount "70"]
[EventDate "2020.08.15"]
[EventType "swiss"]
[EventCountry "POL"]
[SourceTitle "playchess.com"]
[Source "ChessBase"]
[SourceQuality "1"]
[TimeControl "40/5400+30:1800+30"]

1. d4 Nf6 2. c4 g6 3. Nc3 Bg7 4. e4 d6 5. f3 O-O 6. Be3 Nc6 7. Nge2 a6 8. Qd2 Rb8 9. Nc1 e5 10. Nb3 exd4 11. Nxd4 Bd7 12. h4 {[%emt 0:17:19] [#] E84: King's Indian: Sämisch Panno: 7 Nge2 a6 8 Qd2 Rb8.} (12. Rd1 $11) 12... Nxd4 $146 ({Predecessor:} 12... Ne5 13. O-O-O b5 14. cxb5 axb5 15. Ndxb5 Rb7 16. Na3 Qa8 17. Nc4 Be6 18. Nxe5 dxe5 {½-½ (102) Simic,M (2136)-Pantelic,S (2293) Vrnjacka Banja 2008}) 13. Bxd4 h5 14. Ba7 Ra8 15. Be3 Rb8 16. Ba7 Ra8 17. Be3 Re8 18. Be2 b5 19. cxb5 axb5 20. Bxb5 {[%emt 0:02:14] [#]} ({White should play} 20. Nxb5 $15 d5 21. Rc1) 20... Bxb5 (20... Nxe4 $142 $1 21. Nxe4 Bxb5) 21. Nxb5 d5 22. e5 $2 (22. Nc3 $17 {might work better.}) 22... Rxe5 23. O-O {[%emt 0:01:22] [#]} (23. O-O-O $142) 23... d4 $1 24. Nxd4 {[%emt 0:01:16] [#]} Rxe3 $1 25. Qxe3 Ng4 $1 {[%emt 0:00:03] Discovered Attack} 26. Qg5 ({Not} 26. fxg4 $2 Bxd4 27. Qf2 Bxf2+ $19) (26. Nc6 $142 Nxe3 27. Nxd8 Nxf1 28. Kxf1) 26... Bf6 27. Nc6 $2 (27. Ne6 Qd6 28. fxg4 (28. Qf4 $2 Be5 $19) 28... Bxg5 29. Nxg5) 27... Qd6 ({Less strong is} 27... Bxg5 28. Nxd8 Be3+ 29. Kh1 $15) 28. fxg4 Bxg5 29. hxg5 Qxc6 30. gxh5 Qc5+ 31. Rf2 gxh5 $19 32. a4 Rb8 33. Kf1 Qc4+ 34. Kg1 Qd4 35. Ra2 Re8 0-1

[Event "56th Rubinstein Memorial D 2020"]
[Site "Polanica Zdroj"]
[Date "2020.08.23"]
[Round "9.5"]
[White "Kalkowski, Igor"]
[Black "Borowski, Przemyslaw"]
[Result "0-1"]
[ECO "B46"]
[WhiteElo "1747"]
[BlackElo "1790"]
[Annotator "NA RC"]
[PlyCount "77"]
[EventDate "2020.08.15"]
[EventType "swiss"]
[EventCountry "POL"]
[SourceTitle "playchess.com"]
[Source "ChessBase"]
[SourceQuality "1"]
[TimeControl "40/5400+30:1800+30"]

1. e4 c5 2. Nc3 a6 3. Nf3 e6 4. d4 cxd4 5. Nxd4 Nc6 6. g3 Qc7 7. Bg2 Nf6 8. O-O Bb4 9. Nde2 b5 10. Bf4 e5 11. Bg5 Ne7 12. Bxf6 gxf6 13. a4 bxa4 14. Rxa4 Rb8 15. Na2 Bc5 16. b4 Ba7 17. Qd3 O-O 18. c4 d6 19. Rd1 Rb6 20. Nec3 Be6 21. Nd5 Nxd5 22. exd5 Bd7 23. Ra3 Rc8 24. Rc1 Rbb8 25. Be4 Bd4 26. Rxa6 Ra8 27. c5 Qb7 28. Rxa8 Qxa8 29. Rc2 dxc5 30. Bxh7+ Kg7 31. Bf5 Qxd5 32. Nc3 Qb7 33. Be4 Qa7 34. Ra2 Qb8 35. Nd5 cxb4 36. Qf3 Qd6 37. Bd3 Rc1+ 38. Kg2 Qe6 39. Bf1 0-1

[Event "56th Rubinstein Memorial D 2020"]
[Site "Polanica Zdroj"]
[Date "2020.08.23"]
[Round "9.6"]
[White "Ciborowski, Konrad Jr"]
[Black "Kaczanowski, Pawel"]
[Result "1-0"]
[ECO "B34"]
[WhiteElo "1405"]
[BlackElo "1655"]
[Annotator "NA"]
[PlyCount "69"]
[EventDate "2020.08.15"]
[EventType "swiss"]
[EventCountry "POL"]
[SourceTitle "playchess.com"]
[Source "ChessBase"]
[SourceQuality "1"]
[TimeControl "40/5400+30:1800+30"]

1. e4 c5 2. Nf3 Nc6 3. d4 cxd4 4. Nxd4 Nf6 5. Nc3 e5 6. Ndb5 d6 7. Nd5 Nxd5 8. exd5 Nb8 9. c4 Be7 10. Bd3 O-O 11. O-O Nd7 12. Be3 a6 13. Nc3 f5 14. f3 Bg5 15. Bf2 Qf6 16. Na4 b6 17. b4 Rb8 18. Qc2 Bb7 19. Nxb6 Nxb6 20. Bxb6 Bxd5 21. Bc7 Rbc8 22. cxd5 Rf7 23. Bxf5 Be3+ 24. Kh1 Rfxc7 25. Be6+ Kh8 26. Qe4 Qh6 27. Bxc8 Rxc8 28. g3 Bd4 29. Qf5 Rg8 30. Rac1 Bf2 31. Rc8 Bxg3 32. Rxg8+ Kxg8 33. Qe6+ Qxe6 34. dxe6 Bf4 35. Rd1 1-0

[Event "56th Rubinstein Memorial D 2020"]
[Site "Polanica Zdroj"]
[Date "2020.08.23"]
[Round "9.7"]
[White "Wawrzyniak, Pawel"]
[Black "Kolodziejski, Grzegorz"]
[Result "0-1"]
[ECO "E11"]
[WhiteElo "1824"]
[BlackElo "1550"]
[Annotator "NA"]
[PlyCount "82"]
[EventDate "2020.08.15"]
[EventType "swiss"]
[EventCountry "POL"]
[SourceTitle "playchess.com"]
[Source "ChessBase"]
[SourceQuality "1"]
[TimeControl "40/5400+30:1800+30"]

1. d4 Nf6 2. c4 e6 3. Nf3 Bb4+ 4. Bd2 a5 5. g3 d6 6. Bg2 Nbd7 7. O-O e5 8. e3 O-O {[%emt 0:01:44] [#] E11: Bogo-Indian.} ({Black should play} 8... c6 $14) 9. Qc2 (9. Bc1 $1 $16) 9... Re8 10. a3 Bxd2 11. Nbxd2 {[%emt 0:00:10] [#]} c6 $146 ({Predecessor:} 11... exd4 12. exd4 Nf8 13. Rfe1 a4 14. Rxe8 Qxe8 15. Re1 Qd8 16. Nh4 Ra5 17. Ne4 {½-½ (17) Mishra,N (2301)-Kumar,G (2274) Puchong 2017}) 12. b4 e4 13. Ng5 d5 14. Nh3 h5 15. b5 h4 16. Rac1 Ng4 17. cxd5 cxd5 18. Qc7 Qe7 19. Nf4 hxg3 20. hxg3 (20. Nxd5 $16 gxf2+ 21. Rxf2 Qxa3 22. Rcf1) 20... Qg5 21. Qd6 Ndf6 22. Rc5 (22. Rfe1 $11 {remains equal.}) 22... Qh6 23. Rfc1 (23. Bh3 $17 Nh2 24. Bg2) 23... Qh2+ ({Weaker is} 23... b6 24. Rc7 $17 (24. Qxb6 Qh2+ 25. Kf1 Nxe3+ {[%mdl 64] Deflection} 26. fxe3 Qxg3 $19)) 24. Kf1 {[%emt 0:00:08] [#]} Nxf2 (24... Nxe3+ $142 $1 25. fxe3 Qxg3) 25. Nxd5 $2 (25. Kxf2 $17 Ng4+ 26. Ke2 Qxg3 27. Nf1 Qf2+ 28. Kd1) 25... Nxd5 26. Kxf2 {[%emt 0:00:20] [#]} Bh3 $1 27. Rg1 {[%emt 0:01:11] [#]} Re6 (27... Nxe3 $142 $1 28. Qf4 (28. Kxe3 Qxg1+) 28... Ng4+ 29. Kf1 e3) 28. Qxd5 (28. Rxd5 $142 Rxd6 29. Rxd6 Bxg2 30. Rxg2) 28... Bxg2 $2 (28... Rf6+ 29. Ke2 Bg4+ 30. Nf3 Qxg1) 29. Rxg2 Rf6+ 30. Qf5 Rxf5+ 31. Rxf5 Qh7 32. Rf4 f5 33. Rh4 Qg6 34. Rgh2 Kf7 35. Nc4 Qe6 36. Ne5+ Kf6 37. g4 Qa2+ 38. Kg3 Qxa3 39. gxf5 Qxe3+ 40. Kg4 Qxd4 41. Ng6 Qd1+ 0-1

[Event "56th Rubinstein Memorial D 2020"]
[Site "Polanica Zdroj"]
[Date "2020.08.23"]
[Round "9.8"]
[White "Bukala, Weronika"]
[Black "Podgorski, Maciej"]
[Result "1/2-1/2"]
[ECO "A48"]
[WhiteElo "1504"]
[BlackElo "1810"]
[Annotator "NA RC"]
[PlyCount "39"]
[EventDate "2020.08.15"]
[EventType "swiss"]
[EventCountry "POL"]
[SourceTitle "playchess.com"]
[Source "ChessBase"]
[SourceQuality "1"]
[TimeControl "40/5400+30:1800+30"]

1. d4 Nf6 2. Nf3 g6 3. e3 Bg7 4. b3 O-O 5. Bb2 d6 6. Nbd2 b6 7. c4 Nbd7 8. Qc2 c5 9. d5 e6 10. dxe6 fxe6 11. O-O-O a5 12. Ne4 Nxe4 13. Bxg7 Kxg7 ({Wrong is} 13... Nxf2 $2 14. Bxf8 (14. Qxf2 Kxg7 15. Rxd6 Qe7 $15) 14... Nxd1 15. Bh6 $18 (15. Bxd6 Nxe3 16. Qe4 {[%mdl 64] Double Attack} Nb8 $16)) 14. Qxe4 {[%emt 0:00:06] Double Attack} Ra7 (14... d5 $5 15. Qxe6 Qf6 16. Qxf6+ (16. cxd5 Qc3+ 17. Kb1 Nf6 $17) 16... Nxf6 $14) 15. Rxd6 Qf6 16. Rxe6 $11 (16. Bd3 $14) 16... Qa1+ 17. Qb1 Qc3+ 18. Qc2 Qa1+ 19. Qb1 Qc3+ 20. Qc2 1/2-1/2